 Dungeon Crawl Stone Soup version 0.18-a0-1800-gdc7a371 (webtiles) character file.

14820 kona the Quickloader (level 11, -7/74 HPs)
             Began as a High Elf Hunter on Apr 24, 2016.
             Was a High Priest of Zin.
             Mangled by a porcupine (10 damage)
             ... on level 2 of the Lair of Beasts.
             The game lasted 00:54:54 (16339 turns).

kona the Quickloader (High Elf Hunter)             Turns: 16339, Time: 00:54:55

Health: -7/74      AC: 22    Str: 14    XL:     11   Next: 93%
Magic:  13/13      EV: 11    Int: 15    God:    Zin [*****.]
Gold:   202        SH:  0    Dex: 17    Spells: 0 memorised, 10 levels left

rFire  . . .     SeeInvis .     b - +0 scimitar (venom)
rCold  + . .     Gourm    .     N - +1 chain mail {rPois}
rNeg   . . .     Faith    .     (no shield)
rPois  +         Spirit   .     (helmet restricted)
rElec  .         Dismiss  .     g - +2 cloak {MR+}
rCorr  .         Reflect  .     (no gloves)
SustAt .         Harm     .     A - +2 pair of boots
MR     ++...                    F - amulet of regeneration
Stlth  ..........               p - +4 ring of protection
                                D - ring of protection from cold

@: lethally poisoned (-7 -> -7), very resistant to hostile enchantments,
extremely unstealthy
A: antennae 1
a: Recite, Vitalisation, Imprison, Sanctuary, Donate Gold, Renounce Religion


You were on level 2 of the Lair of Beasts.
You worshipped Zin.
Zin was extremely pleased with you.
You were very hungry.

You visited 3 branches of the dungeon, and saw 15 of its levels.

You collected 849 gold pieces.
You spent 578 gold pieces at shops.
You donated 69 gold pieces to Zin.

Inventory:

Hand Weapons
 a - a +2 hand crossbow
 b - a +0 scimitar of venom (weapon)
Missiles
 d - 42 bolts
Armour
 g - a +2 cloak of magic resistance (worn)
 A - a +2 pair of boots (worn)
 M - a +4 scale mail of cold resistance
 N - a +1 chain mail of poison resistance (worn)
Jewellery
 j - an uncursed ring of flight
 o - an uncursed ring of positive energy
 p - a +4 ring of protection (right hand)
 D - a ring of protection from cold (left hand)
 F - an amulet of regeneration (around neck)
Wands
 c - a wand of iceblast (0/15)
 k - a wand of flame (16/48)
 l - a wand of flame (20/48)
 r - a wand of flame (20/48)
 t - a wand of lightning (0/15)
 H - a wand of disintegration (14/24)
 J - a wand of slowing (24/48)
 Q - a wand of slowing (26/48)
Scrolls
 e - 8 scrolls of remove curse
 m - 2 scrolls of identify
 w - 6 scrolls of amnesia
 y - a scroll of fear
 E - 2 scrolls of recharging
 G - 2 scrolls of fog
 I - 2 scrolls of blinking
 L - 3 scrolls of teleportation
Potions
 i - a potion of agility
 n - 2 potions of brilliance
 s - a potion of invisibility
 v - 2 potions of flight
 z - a potion of haste
 B - 2 potions of berserk rage
 R - a potion of curing
Books
 q - a book of Fire

   Spells                             Type                      Level
   a - Ignite Poison                  Fire/Transmutation/Poison    3
   b - Fireball                       Conjuration/Fire             5
   c - Bolt of Fire                   Conjuration/Fire             6
   d - Delayed Fireball               Conjuration/Fire             7
   e - Ring of Flames                 Charms/Fire                  7
 u - a book of Battle

   Spells                             Type                      Level
   a - Infusion                       Charms                       1
   b - Shroud of Golubria             Charms/Translocation         2
   c - Song of Slaying                Charms                       2
   d - Spectral Weapon                Hexes/Charms                 3
   e - Regeneration                   Charms/Necromancy            3
 C - a book of the Warp

   Spells                             Type                      Level
   a - Recall                         Summoning/Translocation      3
   b - Gell's Gravitas                Hexes/Translocation          3
   c - Force Lance                    Conjuration/Translocation    4
   d - Warp Weapon                    Charms/Translocation         5
   e - Summon Forest                  Summoning/Translocation      5
 K - a book of Air

   Spells                             Type                      Level
   a - Shock                          Conjuration/Air              1
   b - Swiftness                      Charms/Air                   2
   c - Repel Missiles                 Charms/Air                   2
   d - Static Discharge               Conjuration/Air              3
   e - Lightning Bolt                 Conjuration/Air              5
Comestibles
 f - 8 bread rations
 h - 11 meat rations
 x - 2 fruits
 P - a royal jelly


   Skills:
 + Level 6.8 Fighting
   Level 6.4(7.3) Short Blades
 + Level 5.2(6.7) Long Blades
 + Level 11.7 Crossbows
 + Level 7.6 Armour
 + Level 10.5 Dodging
 - Level 1.1 Stealth
 + Level 2.2 Invocations


You had 10 spell levels left.
You didn't know any spells.

Dungeon Overview and Level Annotations

Branches:
Dungeon (12/15)            Temple (1/1) D:7            Lair (2/8) D:8
    Orc (0/2) D:9

Altars:
Ashenzari
Cheibriados
Dithmenos
Elyvilon
Fedhas
Gozag
Kikubaaqudgha
Makhleb
Nemelex Xobeh
Okawaru
Pakellas
Qazlal
Ru
Sif Muna
Trog
Vehumet
Xom
Yredelemnul
Zin
The Shining One
Beogh

Shops:
D:7 **   D:11 %[


Innate Abilities, Weirdness & Mutations

You have a pair of small antennae on your head.


Message History

The spiny frog is almost dead.
You feel sick. The spiny frog closely misses you.
The spiny frog stings you but does no damage.
You closely miss the spiny frog.
The spiny frog is almost dead.
You feel sick.
The spiny frog stings you but does no damage.
You hit the spiny frog but do no damage.
The spiny frog is almost dead.
The spiny frog closely misses you.
You hit the spiny frog.
You kill the spiny frog!
You feel sick.
Your chain mail prevents you from hitting the porcupine.
The porcupine closely misses you. The porcupine bites you.
* * * LOW HITPOINT WARNING * * *
You hit the porcupine.
The porcupine is lightly wounded.
You feel sick. The porcupine bites you!
You die...

##....#÷##### #........
#.+#####†##.# #........
##.....#.(...# #........
#....#.......###........
##...........##.........
##....P....P.#PP.(......
#P.......#.....'........
##.P....##.....#........
#.......@r....###P+.#P.#
##.P########### #.....#
#.## #P..## ### ##..#
...


You could see a porcupine.

Vanquished Creatures
  An unseen horror (D:11)
  A hill giant (D:12)
  A deep elf mage (D:12)
  An ugly thing (D:12)
  A manticore (D:12)
  A cyclops (D:8)
  A gargoyle (D:11)
  A kobold demonologist (D:8)
  6 spiny frogs
  2 centaur skeletons (D:12)
  A komodo dragon (Lair:1)
  2 two-headed ogres
  Prince Ribbit (D:8)
  Sigmund (D:3)
  A wyvern (D:10)
  2 hungry ghosts
  A human (D:12)
  2 basilisks (D:8)
  4 hippogriffs
  Menkaure (D:6)
  A soldier ant (D:9)
  2 porcupines (D:8)
  A phantom (D:5)
  2 sky beasts
  7 orc warriors
  A wasp (D:9)
  An eye of draining (D:11)
  A necrophage (D:12)
  6 ogres
  9 centaurs
  3 crocodiles (D:8)
  A big kobold (D:8)
  13 giant frogs
  2 gnoll sergeants
  A water moccasin zombie (D:11)
  3 scorpions
  3 wights (D:12)
  2 howler monkeys (D:11)
  4 crimson imps
  Crazy Yiuf (D:3)
  2 centaur zombies
  4 giant frog skeletons
  8 hounds
  2 giant frog zombies (D:8)
  10 orc priests
  2 jellies
  19 orc wizards
  6 iguanas
  Jessica (D:2)
  Ijyb (D:3)
  Terence (D:2)
  5 worker ants
  7 sheep
  A hound zombie (D:8)
  A hound skeleton (D:6)
  15 gnolls
  11 adders
  19 river rats
  2 shadow imps
  2 oozes
  An adder skeleton (D:8)
  A worm (D:4)
  A dart slug (D:1)
  7 giant geckos
  56 orcs
  5 giant cockroaches
  3 goblins
  7 hobgoblins (D:1)
  16 jackals
  7 quokkas
  A ball python (D:1)
  6 bats
  A giant gecko zombie (D:6)
  2 giant newts
  A jackal skeleton (D:5)
  14 kobolds
  A quokka skeleton (D:4)
  5 rats
350 creatures vanquished.

Vanquished Creatures (others)
  A wight (D:12)
  A hound (D:12)
  An orc wizard (D:12)
  An orc (D:12)
  3 bushes (D:8)
  5 plants (D:8)
12 creatures vanquished.

Grand Total: 362 creatures vanquished

Notes
Turn   | Place    | Note
--------------------------------------------------------------
     0 | D:1      | kona the High Elf Hunter began the quest for the Orb.
     0 | D:1      | Reached XP level 1. HP: 14/14 MP: 2/2
   305 | D:1      | Reached XP level 2. HP: 8/19 MP: 3/3
  1149 | D:1      | Reached XP level 3. HP: 19/24 MP: 4/4
  1491 | D:1      | Reached skill level 1 in Short Blades
  1737 | D:2      | Noticed Terence
  1741 | D:2      | Killed Terence
  1741 | D:2      | Reached skill level 1 in Armour
  1741 | D:2      | Reached XP level 4. HP: 22/29 MP: 5/5
  1807 | D:2      | Noticed Jessica
  1811 | D:2      | Killed Jessica
  1811 | D:2      | Reached skill level 5 in Crossbows
  2410 | D:3      | Noticed Sigmund
  2418 | D:3      | Killed Sigmund
  2418 | D:3      | Reached skill level 6 in Crossbows
  2418 | D:3      | Reached XP level 5. HP: 25/34 MP: 6/6
  2418 | D:3      | Reached XP level 6. HP: 29/39 MP: 7/7
  2513 | D:3      | Noticed Ijyb
  2518 | D:3      | Killed Ijyb
  2829 | D:3      | Noticed Crazy Yiuf
  2850 | D:3      | Killed Crazy Yiuf
  3416 | D:4      | Found a shimmering altar of Xom.
  3416 | D:4      | Found a snail-covered altar of Cheibriados.
  3581 | D:4      | Reached XP level 7. HP: 34/45 MP: 8/8
  3707 | D:4      | Reached skill level 7 in Crossbows
  4121 | D:5      | Entered Level 5 of the Dungeon
  4600 | D:5      | Reached skill level 8 in Crossbows
  5012 | D:5      | Reached XP level 8. HP: 52/52 MP: 9/9
  5357 | D:6      | Gained mutation: You have a pair of small antennae on your head. [potion of beneficial mutation]
  5620 | D:6      | Noticed Menkaure
  5625 | D:6      | Killed Menkaure
  5647 | D:6      | Reached skill level 5 in Dodging
  5857 | D:6      | Got an encrusted rapier
  5858 | D:6      | Identified the +7 rapier of Ira Donnim {pierce, Fragile +Inv MP+9 Dex+4} (You found it on level 6 of the Dungeon)
  6230 | D:7      | Found Quuhuega's Assorted Antiques.
  6233 | D:7      | Bought a sedimented dark potion for 20 gold pieces
  6233 | D:7      | Bought a scroll labeled YRIOZA DAUTAON for 23 gold pieces
  6233 | D:7      | Bought a fizzy orange potion for 20 gold pieces
  6653 | D:7      | Reached skill level 9 in Crossbows
  6685 | D:7      | Found Veyn Vie's Assorted Antiques.
  6706 | D:7      | Bought a scroll of identify for 58 gold pieces
  6706 | D:7      | Bought a scroll labeled XIYBBEENEN for 29 gold pieces
  6737 | D:7      | Found a staircase to the Ecumenical Temple.
  6893 | D:7      | Found a blossoming altar of Fedhas.
  7183 | D:8      | Reached XP level 9. HP: 57/57 MP: 10/10
  7353 | D:8      | Noticed Prince Ribbit
  7533 | D:8      | Reached skill level 5 in Armour
  7538 | D:8      | Found a staircase to the Lair.
  7700 | D:8      | Killed Prince Ribbit
  7895 | D:8      | Reached skill level 5 in Short Blades
  7955 | D:8      | Noticed a kobold demonologist
  7963 | D:8      | Noticed a soul eater
  7968 | D:8      | Killed a kobold demonologist
  8135 | D:8      | Noticed a cyclops
  8176 | D:8      | Reached skill level 5 in Fighting
  8184 | D:8      | Killed a cyclops
  8184 | D:8      | Reached XP level 10. HP: 35/66 MP: 11/11
  8824 | Temple   | Entered the Ecumenical Temple
  8916 | Temple   | Became a worshipper of Zin the Law-Giver
  8916 | Temple   | Reached * piety under Zin
  9167 | D:9      | Reached ** piety under Zin
  9727 | D:9      | Found a staircase to the Orcish Mines.
  9736 | D:9      | Found a white marble altar of Elyvilon.
  9891 | D:9      | Found a roughly hewn altar of Beogh.
 10566 | D:9      | Reached *** piety under Zin
 10734 | D:10     | Entered Level 10 of the Dungeon
 11215 | D:10     | Reached skill level 10 in Crossbows
 11313 | D:10     | Reached skill level 1 in Long Blades
 11613 | D:10     | You fall through a shaft!
 11709 | D:11     | Got a steaming ring mail
 11720 | D:11     | Identified the +0 ring mail of Nobility {Int+5 Dex-3 SInv} (You found it on level 11 of the Dungeon)
 11867 | D:11     | Killed an unseen horror
 11950 | D:11     | Found Vanorch's Antique Armour Shop.
 11965 | D:11     | Bought a glowing chain mail for 103 gold pieces
 11985 | D:11     | Bought a runed chain mail for 103 gold pieces
 11996 | D:11     | Bought a glowing scale mail for 92 gold pieces
 12054 | D:11     | Reached XP level 11. HP: 66/72 MP: 12/12
 12224 | D:11     | Found Deiverou's Food Boutique.
 12243 | D:11     | Bought a bread ration for 65 gold pieces
 12243 | D:11     | Bought a bread ration for 65 gold pieces
 12925 | D:12     | Reached skill level 11 in Crossbows
 12935 | D:12     | Reached **** piety under Zin
 13056 | D:12     | Noticed a deep elf mage
 13064 | D:12     | Killed a deep elf mage
 13242 | D:12     | Noticed a brown ugly thing
 13264 | D:12     | Killed a brown ugly thing
 13388 | D:12     | Reached skill level 10 in Dodging
 13466 | D:12     | Noticed a hill giant
 13485 | D:12     | Killed a hill giant
 13485 | D:12     | Reached skill level 1 in Invocations
 13562 | D:12     | Found a sparkling altar of Nemelex Xobeh.
 13685 | D:12     | Noticed a skeletal warrior
 14009 | Lair:1   | Entered Level 1 of the Lair of Beasts
 14105 | D:9      | Noticed an iron golem
 14105 | D:9      | Noticed an iron golem
 14105 | D:9      | Noticed an iron golem
 14105 | D:9      | Noticed an iron golem
 14413 | D:10     | Found an iron altar of Okawaru.
 14542 | D:12     | Noticed a vault guard
 15628 | Lair:1   | Reached skill level 5 in Long Blades
 15761 | Lair:1   | Reached ***** piety under Zin
 16339 | Lair:2   | HP: 3/74 [poisoned by a spiny frog]
 16339 | Lair:2   | Mangled by a porcupine

Vault maps used:
D:1:      scummos_arrival_simple_fountains, minivault_25,
          grunt_decor_resistance, kennysheep_nondescript
D:2:      uniq_terence, uniq_jessica
D:3:      uniq_crazy_yiuf_cottage, uniq_sigmund, uniq_iyjb
D:4:      amethyst_overflow_temple_binary, first_bread
D:6:      uniq_menkaure
D:7:      minmay_temple_entry_from_below_b, serial_shops, kennysheep_mini,
          nicolae_shop_overgrown_old_shop, basic_altar
D:8:      minmay_opposing_rooms, minmay_lair_entry_grove, uniq_prince_ribbit1
D:9:      cheibrodos_stairvault_heist, minmay_orc_entry_temple_large,
          basic_altar
D:10:     basic_altar
D:11:     serial_shops, shop, nicolae_shop_scaring_up_business
D:12:     basic_altar, enter_trove_5, hangedman_stone_soup
Temple:   kilobyte_greek_temple_18
Lair:2:   basic_altar, beast_lair_carwin_10, infiniplex_staircase_pool_2

Skill      XL: |  1  2  3  4  5  6  7  8  9 10 11 |
---------------+----------------------------------+-----
Short Blades   | 1 2 3 6 |  6.4
Armour         | 1 2 3 4 5 6 7 |  7.6
Crossbows      | 6 8 9 10 11 | 11.7
Dodging        | 3 4 5 8 9 10 | 10.5
Fighting       | 3 5 6 |  6.8
Long Blades    | 3 5 |  5.2
Invocations    | 2 |  2.2
Stealth        | |  1.1

Action                   |  1- 3 |  4- 6 |  7- 9 | 10-12 || total
-------------------------+-------+-------+-------+-------++-------
Melee: Short sword       |    80 |    12 |    49 |       ||   141
       Rapier            |       |       |   290 |    75 ||   365
       Falchion          |       |       |       |   216 ||   216
       Scimitar          |       |       |       |   369 ||   369
       Hand crossbow     |       |       |       |     2 ||     2
 Fire: Hand crossbow     |    46 |    93 |    93 |   364 ||   596
Invok: Recite            |       |       |       |    40 ||    40
Evoke: Wand              |       |       |    21 |     1 ||    22
  Use: Scroll            |     2 |     8 |    18 |    10 ||    38
       Potion            |       |     5 |     3 |     4 ||    12
 Stab: Confused          |       |       |       |     5 ||     5
       Invisible         |       |       |       |     1 ||     1
  Eat: Chunk             |     3 |     5 |    15 |    17 ||    40
       Pizza             |       |       |       |     4 ||     4
       Royal jelly       |       |       |       |     3 ||     3
       Fruit             |       |       |       |     2 ||     2
       Beef jerky        |       |       |       |     1 ||     1
Armor: Leather armour    |    24 |       |       |       ||    24
       Ring mail         |     2 |    19 |   137 |    79 ||   237
       Chain mail        |       |       |       |   268 ||   268
       Scale mail        |       |       |       |   142 ||   142
Dodge: Dodged            |    92 |    24 |   324 |   685 ||  1125
